 Dungeon Crawl Stone Soup version 0.30-a0-702-gdf48620a09 (webtiles) character file.

Game seed: 14935847393374810157

27 Dartaoz the Trooper (level 3, 0/39 HPs)
             Began as an Ogre Fighter on Jan 21, 2023.
             Slain by an adder (1 damage)
             ... on level 1 of the Dungeon.
             The game lasted 00:02:15 (1134 turns).

Dartaoz the Trooper (Ogre Fighter)                  Turns: 1134, Time: 00:02:15

Health: 0/39       AC:  3    Str: 22    XL:     3   Next: 10%
Magic:  3/3        EV:  8    Int:  9    God:
Gold:   36         SH:  7    Dex:  8    Spells: 2/2 levels left

rFire   . . .      SeeInvis .    a - +0 flail
rCold   . . .      Faith    .    c - +0 kite shield
rNeg    . . .      Spirit   .    b - +0 robe
rPois   .          Reflect  .    (helmet restricted)
rElec   .          Harm     .    (no cloak)
rCorr   .          Rampage  .    (gloves unavailable)
Will    .....                    (boots unavailable)
Stlth   +                        (no amulet)
HPRegen 0.26/turn                (no ring)
MPRegen 0.08/turn                (no ring)

@: lethally poisoned (0 -> -3)
A: large, unfitting armour, tough skin 1
a: no special abilities


You were on level 1 of the Dungeon.
You visited 1 branch of the dungeon, and saw 2 of its levels.

You collected 36 gold pieces.

Inventory:

Hand Weapons
 a - a +0 flail (weapon)
Armour
 b - a +0 robe (worn)
 c - a +0 kite shield (worn)
Scrolls
 e - a scroll of amnesia {unknown}
 h - a scroll of blinking {unknown}
Potions
 d - a potion of might
 f - a potion of resistance {unknown}
 g - a potion of curing {unknown}
 i - a potion of lignification {unknown}


   Skills:
 - Level 4.0 Fighting
 + Level 3.1 Maces & Flails
 - Level 2.6 Dodging
 - Level 3.0 Shields


You had 2 spell levels left.
You didn't know any spells.
Your spell library contained the following spells:

 Spells                   Type           Power      Damage    Failure   Level
 Scorch                   Fire           0%         2d5       82%         2
 Flame Wave               Conj/Fire      0%         2d4       100%        4
 Summon Cactus Giant      Summ           0%         N/A       100%        6


Dungeon Overview and Level Annotations

Branches:
Dungeon (2/15)

Altars:


Innate Abilities, Weirdness & Mutations

You are too large for most types of armour.
You have tough skin. (AC +1)


Message History

You climb upwards.
You feel sick.
There is a stone staircase leading down here.
You are too injured to fight recklessly!
You barely miss the adder.
The adder is almost dead.
You feel sick.
You are no longer poisoned.
The adder bites you.
You are poisoned.
The adder poisons you! The goblin hits you but does no damage.
The adder closely misses you.
You barely miss the adder.
The adder is almost dead.
You feel sick. You block the goblin's attack. The adder barely misses you.
You block the goblin's attack.
You barely miss the adder.
The adder is almost dead.
You feel sick.
The adder bites you but does no damage. x2
The goblin misses you.
You barely miss the adder.
The adder is almost dead.
You feel sick. The adder bites you.
* * * LOW HITPOINT WARNING * * *
You are more poisoned.
The adder poisons you! You block the goblin's attack.
The adder barely misses you.
You closely miss the adder.
The adder is almost dead.
* * * LOW HITPOINT WARNING * * *
You feel sick. The adder bites you.
* * * LOW HITPOINT WARNING * * *
The goblin hits you with a +0 dagger.
* * * LOW HITPOINT WARNING * * *
The adder closely misses you. The goblin barely misses you.
You barely miss the adder.
The adder is almost dead.
* * * LOW HITPOINT WARNING * * *
You feel sick. The adder bites you but does no damage.
You block the goblin's attack. The adder bites you.
You die...

......##.#####.#......#
..#.#........#.#.###.##
..#......###.#.#.# #.#
.............#.#.# #.#
..############.#.# #.#
..######### #.#.# #.#
.......)..# #.#g# #.#
.########.####.#S# #.#
[# #..........#@# #.#
.# #.###.######g# #.#
.# #.# #.# #l# #.#
#####.# #.# #.# #.#
.[....# #.# #.# #.#
####### #.# #.# #.# #
#.# #.# #.# #########.#
#.# #.# ........#.# #.#
#.#


You could see an adder, 2 goblins and a frilled lizard.

Vanquished Creatures
  2 dart slugs (D:1)
  A ball python (D:1)
  3 endoplasms (D:1)
  4 goblins (D:1)
  3 hobgoblins (D:1)
  A kobold (D:1)
  3 quokkas (D:1)
  A rat (D:1)
18 creatures vanquished.

Notes
Turn   | Place    | Note
-------+----------+-------------------------------------------
     0 | D:1      | Dartaoz the Ogre Fighter began the quest for the Orb.
     0 | D:1      | Reached XP level 1. HP: 24/24 MP: 1/1
    82 | D:1      | Reached XP level 2. HP: 32/32 MP: 2/2
   652 | D:1      | Reached XP level 3. HP: 39/39 MP: 3/3
  1134 | D:1      | HP: 1/39 [poisoned by an adder]
  1134 | D:1      | Slain by an adder

Illustrated notes

Levels and vault maps discovered:
D:1:      lemuel_arrival_tunnels, layout_basic, minmay_hexomino_p4
D:2:      layout_rooms, shapermc_ecumenical_altar_notcrosses, grunt_ministairs_8

Skill      XL: |  1  2 |
---------------+-------+-----
Maces & Flails | 2 3 |  3.1
Fighting       | |  4.0
Dodging        | |  2.6
Shields        | |  3.0

Action                   || total
-------------------------++-------
Melee: Flail             ||    69
Armor: Robe              ||    26
Dodge: Dodged            ||    35
Block: Kite shield       ||    30

Table legend: (Time is in decaauts)
 A = Elapsed time spent in this place.
 B = Non-inter-level travel time spent in this place.
 C = Inter-level travel time spent in this place.
 D = Time resting spent in this place.
 E = Time spent auto-exploring this place.
 F = Levels seen in this place.
 G = Mean time per level.
                   A        B        C        D        E       F      G
               +--------+--------+--------+--------+--------+-----+--------+
         Total |   1161 |   1148 |     13 |      0 |    965 |   2 |  580.5 |
       Dungeon |   1161 |   1148 |     13 |      0 |    965 |   2 |  580.5 |
               +--------+--------+--------+--------+--------+-----+--------+

Top non-repeatable levels by time:
     D:1: 1148 daAuts
     D:2: 13 daAuts
